 Dungeon Crawl Stone Soup version 0.21-a0-632-g1e37ce5 (console) character file.

114 puck the Skirmisher (level 5, -2/42 HPs)
             Began as a Human Fighter on Dec 27, 2017.
             Killed from afar by an orc wizard (11 damage)
             ... with a puff of frost
             ... on level 4 of the Dungeon.
             The game lasted 00:25:56 (2812 turns).

puck the Skirmisher (Human Fighter)                 Turns: 2812, Time: 00:25:57

Health: -2/42      AC:  6    Str: 17    XL:     5   Next: 19%
Magic:  5/5        EV:  7    Int:  9    God:
Gold:   130        SH:  9    Dex: 12    Spells: 4/4 levels left

rFire    . . .     SeeInvis .   a - +0 long sword
rCold    . . .     Gourm    .   c - +0 shield
rNeg     . . .     Faith    .   b - +0 scale mail
rPois    .         Spirit   .   (no helmet)
rElec    .         Reflect  .   (no cloak)
rCorr    .         Harm     .   (no gloves)
MR       .....                  (no boots)
Stlth    ..........             (no amulet)
HPRegen  0.14/turn              (no ring)
MPRegen  0.09/turn              (no ring)

@: no status effects
A: no striking features
a: no special abilities


You were on level 4 of the Dungeon.
You were not hungry.

You visited 1 branch of the dungeon, and saw 4 of its levels.

You collected 130 gold pieces.

Inventory:

Hand Weapons
 a - a +0 long sword (weapon)
 j - a +0 dagger
Armour
 b - a +0 scale mail (worn)
 c - a +0 shield (worn)
Jewellery
 e - an uncursed ring of positive energy {unknown}
 m - an uncursed ring of positive energy {unknown}
Scrolls
 i - 7 scrolls of teleportation {unknown}
 k - a scroll of random uselessness {unknown}
 l - a scroll of amnesia {unknown}
 n - a scroll of magic mapping {unknown}
 o - 4 scrolls of remove curse {unknown}
 p - 3 scrolls of identify {unknown}
 r - a scroll of enchant armour {unknown}
Potions
 d - a potion of might
 g - 3 potions of mutation {unknown}
 h - a potion of haste {unknown}
 q - a potion of degeneration {unknown}
Comestibles
 f - 7 rations


   Skills:
 * Level 3.8 Fighting
 * Level 3.1 Long Blades
 + Level 3.5 Armour
 - Level 0.2 Dodging
 + Level 3.7 Shields


You had 4 spell levels left.
You didn't know any spells.

Dungeon Overview and Level Annotations

Branches:
Dungeon (4/15)
 Temple: D:4-7

Altars:
Cheibriados
Gozag


Message History

The quokka skeleton bites you. You block the quokka skeleton's attack.
You see here a scroll labeled XOCEYNT WUOQ.
You closely miss something. Something hits you but does no damage.
The orc hits you but does no damage. Something hits you but does no damage.
The quokka skeleton barely misses you. You block the orc's attack.
Something hits you.
You hear some strange, mumbled words.
A puff of flame appears from out of thin air!
The puff of flame hits you!
* * * LOW HITPOINT WARNING * * *
You miss something. Something hits you but does no damage.
The quokka skeleton barely misses you.
You riposte.
Your scale mail prevents you from hitting the quokka skeleton.
The orc hits you but does no damage. The quokka skeleton barely misses you.
Something hits you but does no damage.
The quokka skeleton bites you but does no damage.
You found a teleport trap!
Something hits you but does no damage. You block the quokka skeleton's attack.
You hear some strange, mumbled words.
A puff of frost appears from out of thin air!
The puff of frost hits you!
You die...

#.# #...@...# #.# #.oZ{.###
#.# ##....# #.#### ##._.#
#...)#### #...# #..o....####
#..## #.##.......#######.##
#.##o##.##... >.##.# ..
#o##..o.##..###.##.#
...######.##.##.##......##.#
........#.##.##.##...oo..(.#
#....................####
#.##.##.########.....#
#.##.# #.....# # #..#.#
####### #. ##.#.# #.###.#.#
#.......### ###.......#
#.#.###.# #.#..# #


You could see an orc and a quokka skeleton.

Vanquished Creatures
  Terence (D:3)
  4 adders
  A worm (D:3)
  4 dart slugs (D:1)
  A leopard gecko (D:1)
  A ball python (D:1)
  4 giant cockroaches
  7 goblins
  2 hobgoblins
  A quokka (D:3)
  5 bats
  3 frilled lizards
  9 kobolds
  4 rats
47 creatures vanquished.

Notes
Turn   | Place    | Note
-------+----------+-------------------------------------------
     0 | D:1      | puck the Human Fighter began the quest for the Orb.
     0 | D:1      | Reached XP level 1. HP: 18/18 MP: 1/1
    89 | D:1      | Reached XP level 2. HP: 3/24 MP: 2/2
    99 | D:1      | HP: 1/24 [frilled lizard (3)]
   545 | D:1      | Reached XP level 3. HP: 29/29 MP: 3/3
  1471 | D:2      | Reached XP level 4. HP: 33/35 MP: 4/4
  1507 | D:2      | Found an opulent altar of Gozag.
  2290 | D:3      | Noticed Terence
  2581 | D:3      | Killed Terence
  2581 | D:3      | Reached XP level 5. HP: 39/42 MP: 5/5
  2793 | D:4      | Found a snail-covered altar of Cheibriados.
  2812 | D:4      | Killed from afar by an orc wizard

Vault maps used:
D:1:      lightli_arrival_chessboard
D:2:      nicolae_overflow_crystal_walls, minmay_misc_feat_nine_boxes
D:3:      nicolae_overflow_hidden_temple, gup_sewer_entry_spiral, uniq_terence
D:4:      led_xom_imps, cheibriados_altar_1, evilmike_ruin_ashenzari

Skill      XL: |  1  2  3  4 |
---------------+-------------+-----
Long Blades    | 3 |  3.1
Fighting       | |  3.8
Armour         | |  3.5
Dodging        | |  0.2
Shields        | |  3.7

Action                   |  1- 3 |  4- 6 || total
-------------------------+-------+-------++-------
Melee: Long sword        |   124 |    95 ||   219
Throw: Throwing net      |     1 |     1 ||     2
  Eat: Ration            |     1 |     1 ||     2
       Chunk             |     1 |       ||     1
Armor: Scale mail        |    64 |    39 ||   103
Dodge: Dodged            |    43 |    32 ||    75
Block: Shield            |    75 |    54 ||   129
       Rpst.: Long sword |    13 |     8 ||    21

Table legend:
 A = Spawn XP
 B = Non-spawn XP
 C = Spawn XP percentage of total XP
 D = Spawn monster count
 E = Non-spawn monster count
 F = Spawn count percentage of total count
 G = Total turns spent on level
                    A         B        C        D         E        F      G
               +---------+---------+-------+---------+---------+-------+---------
         Total |       0 |     164 |   0.0 |       0 |      47 |   0.0 |  2812
               +---------+---------+-------+---------+---------+-------+---------
           D:1 |       0 |      46 |   0.0 |       0 |      24 |   0.0 |  1198
           D:2 |       0 |      40 |   0.0 |       0 |      10 |   0.0 |  1034
           D:3 |       0 |      78 |   0.0 |       0 |      13 |   0.0 |   517
               +---------+---------+-------+---------+---------+-------+---------
